 Dungeon Crawl Stone Soup version 0.29.1-2-gbd0b4ee654 (webtiles) character file.

Game seed: 10709136703663638555

743 RascalDebosk the Shooter (level 7, -3/44 (51) HPs)
             Began as a Barachi Hunter on Oct 28, 2022.
             Was an Initiate of Cheibriados.
             Slain by a wight
             ... wielding a +1 short sword of speed
              (7 damage)
             ... on level 6 of the Dungeon.
             The game lasted 00:37:51 (5610 turns).

RascalDebosk the Shooter (Barachi Hunter)           Turns: 5610, Time: 00:37:52

HP:   -3/44 (51)    AC:  4    Str: 13    XL:     7   Next: 76%
MP:   13/13         EV: 12    Int: 11    God:    Cheibriados [......]
Gold: 248           SH:  5    Dex: 18    Spells: 8/14 levels left

rFire   . . .      SeeInvis .   b - +0 shortbow
rCold   . . .      Faith    .   (shield currently unavailable)
rNeg    . . .      Spirit   .   c - +0 leather armour
rPois   +          Reflect  +   (no helmet)
rElec   .          Harm     .   l - +0 cloak
rCorr   .          Rampage  .   (no gloves)
Will    +....                   (no boots)
Stlth   ++........              C - amulet of reflection
HPRegen 0.14/turn               j - ring of poison resistance
MPRegen 0.13/turn               q - ring of willpower

@: heavily drained, very slow
A: amphibious, slowness 1, strong legs 1, +LOS
a: Hop, Renounce Religion


You were on level 6 of the Dungeon.
You worshipped Cheibriados.
Cheibriados was noncommittal.
You visited 2 branches of the dungeon, and saw 7 of its levels.

You collected 248 gold pieces.

Inventory:

Hand Weapons
 b - a +0 shortbow (weapon)
Armour
 c - a +0 leather armour (worn)
 l - a +0 cloak (worn)
 H - a +0 ring mail
Jewellery
 f - a ring of magical power
 i - an amulet of faith
 j - a ring of poison resistance (left hand)
 q - a ring of willpower (right hand)
 w - a ring of fire
 C - an amulet of reflection (around neck)
 E - a ring of positive energy
Wands
 B - a wand of polymorph (11)
 F - a wand of flame (18)
Scrolls
 a - a scroll of immolation
 d - 2 scrolls of poison {unknown}
 e - 7 scrolls of identify {unknown}
 g - 4 scrolls of magic mapping {unknown}
 k - 4 scrolls of teleportation {unknown}
 o - a scroll of summoning {unknown}
 p - a scroll of fear {unknown}
 r - a scroll of noise {unknown}
 t - 2 scrolls of butterflies {unknown}
 u - 2 scrolls of blinking {unknown}
 y - 2 scrolls of enchant weapon {unknown}
 z - a scroll of enchant armour {unknown}
 A - a scroll of silence {unknown}
Potions
 h - 3 potions of brilliance {unknown}
 m - 2 potions of might {unknown}
 n - a potion of flight {unknown}
 s - 2 potions of mutation {unknown}
 v - 3 potions of heal wounds {unknown}
 x - 2 potions of attraction {unknown}
 D - a potion of lignification {unknown}
 G - a potion of invisibility {unknown}


   Skills:
 - Level 2.8 Fighting
 - Level 5.0 Ranged Weapons
 - Level 0.7 Armour
 - Level 2.4 Dodging
 - Level 3.0 Stealth
 - Level 4.0 Spellcasting
 - Level 3.0 Transmutations
 - Level 3.0 Fire Magic
 + Level 3.2 Poison Magic


You had 8 spell levels left.
You knew the following spells:

 Your Spells              Type           Power      Damage    Failure   Level
a - Ignite Poison         Fire/Tmut/Pois 9%         N/A       26%         3
b - Mephitic Cloud        Conj/Pois/Air  4%         N/A       50%         3

Your spell library contained the following spells:

 Spells                   Type           Power      Damage    Failure   Level
 Freezing Cloud           Conj/Ice/Air   1%         6-21      100%        5


Dungeon Overview and Level Annotations

Branches:
Dungeon (6/15)             Temple (1/1) D:6

Altars:
Ashenzari
Cheibriados
Dithmenos
Elyvilon
Gozag
Hepliaklqana
Makhleb
Okawaru
Qazlal
Ru
Sif Muna
Trog
Uskayaw
Vehumet
Wu Jian
Xom
Yredelemnul
The Shining One

Shops:
D:1 (

Annotations:
D:6 1 transporter


Innate Abilities, Weirdness & Mutations

You are amphibious.
You cover ground slowly.
You can hop short distances.
You have an extended range of vision and can be seen from far away.


Message History

Fire: b) +0 shortbow
Press: ? - help, Q - select action, (/) - cycle Shift-Dir - straight line, f/p - jelly
Aim: a jelly (moderately wounded, 90% to hit)
You shoot an arrow.
The arrow hits the jelly but does no damage.
The jelly is moderately wounded.
Fire: b) +0 shortbow
Press: ? - help, Q - select action, (/) - cycle Shift-Dir - straight line, f/p - jelly
Aim: a jelly (moderately wounded, 90% to hit)
You shoot an arrow. The arrow hits the jelly!
The jelly is severely wounded.
You block the jelly's attack.
Fire: b) +0 shortbow
Press: ? - help, Q - select action, (/) - cycle Shift-Dir - straight line, f/p - jelly
Aim: a jelly (severely wounded, 90% to hit)
You shoot an arrow. The arrow hits the jelly!
You kill the jelly!
Cheibriados appreciates the change of pace.
Training target 3.0 for Transmutations reached!
Your Transmutations skill increases to level 3!
You need to enable at least one skill for training.
HP restored.
You now have 248 gold pieces (gained 6).
Found a mace.
Found a pair of gloves and a leather armour.
Search for what [? for help]? glove Sorry, I don't know how to get there.
A wight comes into view. It is wielding a +0 battleaxe.
A wight comes into view.
It is wielding a +1 short sword of speed.
Found a stone staircase leading up.
Fire: b) +0 shortbow
Press: ? - help, Q - select action, (/) - cycle Shift-Dir - straight line, f - wight
Aim: a wight, wielding a +0 battleaxe and wearing a +0 robe (64% to hit)
You shoot an arrow. The arrow closely misses the wight.
Fire: b) +0 shortbow
Press: ? - help, Q - select action, (/) - cycle Shift-Dir - straight line, f/p - wight
Aim: a wight, wielding a +0 battleaxe and wearing a +0 robe (64% to hit)
You shoot an arrow. The arrow closely misses the wight.
The arrow hits the wight.
The wight is lightly damaged.
Fire: b) +0 shortbow
Press: ? - help, Q - select action, (/) - cycle Shift-Dir - straight line, f/p - wight
Aim: a wight, wielding a +0 battleaxe and wearing a +0 robe (64% to hit)
You shoot an arrow. The arrow barely misses the wight.
The wight barely misses you.
Fire: b) +0 shortbow
Press: ? - help, Q - select action, (/) - cycle Shift-Dir - straight line, f/p - wight
Aim: a wight, wielding a +0 battleaxe and wearing a +0 robe (64% to hit)
You shoot an arrow. The arrow hits the wight.
The wight is moderately damaged.
The wight hits you with a +0 battleaxe!
Fire: b) +0 shortbow
Press: ? - help, Q - select action, (/) - cycle Shift-Dir - straight line, f/p - wight
Aim: a wight, wielding a +0 battleaxe and wearing a +0 robe (moderately damaged, 64% to hit)
You shoot an arrow. The arrow hits the wight.
The wight is heavily damaged.
The wight closely misses you. x2
The wight hits you with a +1 short sword of speed.
You feel drained.
Fire: b) +0 shortbow
Press: ? - help, Q - select action, (/) - cycle Shift-Dir - straight line, f/p - wight
Aim: a wight, wielding a +0 battleaxe and wearing a +0 robe (heavily damaged, 64% to hit)
You shoot an arrow.
The arrow hits the wight but does no damage.
The wight is heavily damaged.
The wight hits you with a +0 battleaxe.
You feel drained. The wight closely misses you.
The wight completely misses you. The wight barely misses you.
Fire: b) +0 shortbow
Press: ? - help, Q - select action, (/) - cycle Shift-Dir - straight line, f/p - wight
Aim: a wight, wielding a +0 battleaxe and wearing a +0 robe (heavily damaged, 64% to hit)
You shoot an arrow.
The arrow hits the wight but does no damage.
The wight is heavily damaged.
The wight hits you with a +1 short sword of speed.
The wight hits you with a +0 battleaxe!
* * * LOW HITPOINT WARNING * * *
You feel drained.
* * * LOW HITPOINT WARNING * * *
Fire: b) +0 shortbow
Press: ? - help, Q - select action, (/) - cycle Shift-Dir - straight line, f/p - wight
Aim: a wight, wielding a +0 battleaxe and wearing a +0 robe (heavily damaged, 64% to hit)
You shoot an arrow. The arrow hits the wight.
The wight is heavily damaged.
The wight hits you with a +1 short sword of speed.
* * * LOW HITPOINT WARNING * * *
You feel drained.
* * * LOW HITPOINT WARNING * * *
The wight barely misses you. The wight hits you with a +0 battleaxe.
* * * LOW HITPOINT WARNING * * *
You feel drained.
* * * LOW HITPOINT WARNING * * *
Fire: b) +0 shortbow
Press: ? - help, Q - select action, (/) - cycle Shift-Dir - straight line, f/p - wight
Aim: a wight, wielding a +0 battleaxe and wearing a +0 robe (heavily damaged, 64% to hit)
You shoot an arrow. The arrow hits the wight!
You destroy the wight!
Cheibriados appreciates the change of pace.
The wight hits you with a +1 short sword of speed!
You die...

..< #. .##.######.#.#
####.##.##.##. ...##.#.#
.....[..[.....#.##. #.##.#.#
#############.#.##. #....#.##
P#~S~~~~~#P8#...##.###..###...
.#.......#..#..###.8##..# ####
?+...♣...+/©#©.....>>...#
.#.......#..#)z.##.8#...#
P#~~~~~~S#P8#@#.##.##...#
#############.#.##. #)..######
..............#.##.##.........
######.#.###.##.##..#.#.######
#.#.# #.......#[.#.####
#.#.######...............
##.#........###.#.##.#####
#...#######.# #.#.# ># #.#.#
#.###.#.# .#


You could see an electric eel and a wight.

Vanquished Creatures
  Edmund (D:6)
  A black bear (D:5)
  2 bullfrogs
  A scorpion (D:5)
  A wight (D:6)
  A hound (D:5)
  3 jellies
  An iguana (D:5)
  10 adders
  2 worms
  2 dart slugs
  8 orcs (D:4)
  9 ball pythons
  8 endoplasms
  4 giant cockroaches
  7 goblins
  8 hobgoblins
  16 jackals
  3 quokkas
  10 bats
  2 frilled lizards
  4 kobolds
  7 rats
111 creatures vanquished.

Notes
Turn   | Place    | Note
-------+----------+-------------------------------------------
     0 | D:1      | RascalDebosk the Barachi Hunter began the quest for the
                  | Orb.
     0 | D:1      | Reached XP level 1. HP: 17/17 MP: 1/1
    43 | D:1      | Found Nufoc's Antique Weapon Shoppe.
    52 | D:1      | Reached skill level 1 in Stealth
   264 | D:1      | Reached XP level 2. HP: 23/23 MP: 2/2
   417 | D:1      | Reached XP level 3. HP: 28/28 MP: 3/3
  1077 | D:2      | Reached XP level 4. HP: 18/34 MP: 5/5
  1078 | D:2      | Reached skill level 1 in Poison Magic
  1475 | D:2      | Reached skill level 1 in Spellcasting
  2275 | D:3      | Reached XP level 5. HP: 40/40 MP: 7/7
  2912 | D:4      | Found a basalt altar of Yredelemnul.
  2912 | D:4      | Found an iron altar of Okawaru.
  2917 | D:4      | Found a shadowy altar of Dithmenos.
  3189 | D:4      | Found an ornate altar of the Wu Jian Council.
  3192 | D:4      | Found a sacrificial altar of Ru.
  3195 | D:4      | Found a radiant altar of Vehumet.
  3263 | D:4      | Reached XP level 6. HP: 46/46 MP: 9/9
  3279 | D:4      | Reached skill level 5 in Ranged Weapons
  3782 | D:5      | Entered Level 5 of the Dungeon
  3786 | D:5      | Noticed a black bear
  3798 | D:5      | Killed a black bear
  4312 | D:5      | Reached skill level 1 in Fire Magic
  4515 | D:5      | Reached XP level 7. HP: 51/51 MP: 12/12
  4917 | D:6      | Found a staircase to the Ecumenical Temple.
  4919 | D:6      | Found a transporter.
  4925 | Temple   | Entered the Ecumenical Temple
  5082 | Temple   | Became a worshipper of Cheibriados the Contemplative
  5145 | D:6      | Reached skill level 1 in Transmutations
  5354 | D:6      | Noticed Edmund
  5374 | D:6      | Killed Edmund
  5381 | D:6      | Learned a level 3 spell: Ignite Poison
  5385 | D:6      | Learned a level 3 spell: Mephitic Cloud
  5610 | D:6      | Slain by a wight

Illustrated notes

Levels and vault maps discovered:
D:1:      lightli_arrival_noodles, layout_basic, serial_shops,
          nicolae_shop_trees
D:2:      minmay_diamond_boxcup, layout_basic
D:3:      layout_basic, minmay_misc_feat_alley, hangedman_decor_clover_reticule,
          small_statue_intersection
D:4:      layout_loops_ring, nicolae_overflow_hallway_of_the_gods
D:5:      layout_gridville
D:6:      gammafunk_steamed_eel, layout_loops_ring, temple_statues,
          uniq_eustachio, uniq_edmund, uniq_maggie
Temple:   hellmonk_temple_flake

Skill      XL: |  1  2  3  4  5  6  7 |
---------------+----------------------+-----
Stealth        | 1 2 3 |  3.0
Poison Magic   | 1 2 3 |  3.2
Spellcasting   | 1 2 3 4 |  4.0
Ranged Weapons | 5 |  5.0
Fire Magic     | 2 3 |  3.0
Transmutations | 3 |  3.0
Fighting       | |  2.8
Armour         | |  0.7
Dodging        | |  2.4

Action                   |  1- 3 |  4- 6 |  7- 9 || total
-------------------------+-------+-------+-------++-------
 Fire: Shortbow          |    97 |   207 |    59 ||   363
 Abil: Hop               |       |     2 |     1 ||     3
Armor: Leather armour    |    17 |    39 |     8 ||    64
Dodge: Dodged            |    31 |    75 |    31 ||   137
Block: Other             |       |       |    12 ||    12
